| TOP OF THE 1ST |
|
Tulsa Drillers batting - Pitching for Evansville Triplets : RHP Bill Gullickson
|
|
Pitching: RHP Bill Gullickson
|
|
|
Batting: RHB Victor Rios
|
0-0: Ground out 6-3 (Groundball, 56D, EV 81.3 MPH)
|
|
Batting: SHB Luis Quinones
|
0-0: Called Strike 0-1: Ball 1-1: Ball 2-1: Ground out 3-1 (Groundball, 34S, EV 85.0 MPH)
|
|
Batting: LHB Mike Pagliarulo
|
0-0: Called Strike 0-1: Ball 1-1: Swinging Strike 1-2: Ball 2-2: Ground out U3 (Groundball, 3, EV 102.5 MPH)
|
| Top of the 1st over - 0 runs, 0 hits, 0 errors, 0 left on base; Tulsa 0 - Evansville 0 |
| BOTTOM OF THE 1ST |
|
Evansville Triplets batting - Pitching for Tulsa Drillers : RHP Leonardo Gomez
|
|
Pitching: RHP Leonardo Gomez
|
|
|
Batting: SHB Jose Mota
|
0-0: Ball 1-0: Foul Ball, location: 2F 1-1: Ground out 6-3 (Groundball, 6, EV 79.4 MPH)
|
|
Batting: RHB Cory Mihalic
|
0-0: DOUBLE (Line Drive, 7LS, EV 102.5 MPH)
|
|
Batting: RHB Richard Bass
|
0-0: Called Strike 0-1: Called Strike 0-2: Foul Ball, location: 2F 0-2: Ball Wild Pitch! Cory Mihalic to third 1-2: Strikes out swinging
|
|
Batting: RHB Ron Kittle
|
0-0: Called Strike 0-1: Called Strike 0-2: Ball 1-2: Ball 2-2: Ball 3-2: Fly out, F4 (Popup, 34S, EV 76.3 MPH)
|
| Bottom of the 1st over - 0 runs, 1 hit, 0 errors, 1 left on base; Tulsa 0 - Evansville 0 |
| TOP OF THE 2ND |
|
Tulsa Drillers batting - Pitching for Evansville Triplets : RHP Bill Gullickson
|
|
Batting: LHB Jim Adduci
|
0-0: Ball 1-0: Ground out 4-3 (Groundball, 4, EV 87.5 MPH)
|
|
Batting: SHB Paul Householder
|
0-0: Swinging Strike 0-1: Ball 1-1: Fly out, F7 (Flyball, 7LM, EV 86.9 MPH)
|
|
Batting: RHB Bob E Johnson
|
0-0: Swinging Strike 0-1: Swinging Strike 0-2: Ball 1-2: SINGLE (Line Drive, 8LS, EV 105.6 MPH)
|
|
Batting: RHB Bob Grandas
|
0-0: Ball 1-0: Swinging Strike 1-1: Swinging Strike 1-2: Strikes out swinging
|
| Top of the 2nd over - 0 runs, 1 hit, 0 errors, 1 left on base; Tulsa 0 - Evansville 0 |
| BOTTOM OF THE 2ND |
|
Evansville Triplets batting - Pitching for Tulsa Drillers : RHP Leonardo Gomez
|
|
Batting: SHB Mickey Tettleton
|
0-0: SOLO HOME RUN (Flyball, 78XD, EV 109.4 MPH), Distance : 455 ft
|
|
Batting: RHB Mike Allen
|
0-0: Called Strike 0-1: Ball 1-1: Ball 2-1: Ball 3-1: Foul Ball, location: 2F 3-2: Base on Balls
|
|
Batting: LHB Luis Alfaro
|
0-0: Foul Ball, location: 2F 0-1: Ball 1-1: SINGLE (Groundball, 4MD, EV 99.4 MPH) Mike Allen to second Runner from 2nd tries for 3rd, SAFE, no throw by CF
|
|
Batting: RHB Jaden Smith
|
0-0: Called Strike 0-1: Ball 1-1: Called Strike 1-2: Fly out, F7 (Flyball, 7S, EV 86.3 MPH)
|
|
Batting: RHB Ed Jurak
|
0-0: Swinging Strike 0-1: Fielders Choice at 2nd, 4-6 (Groundball, 4, EV 85.6 MPH) Mike Allen scores
|
|
Batting: SHB Jose Mota
|
0-0: Ball 1-0: Ball 2-0: Foul Ball, location: 2F 2-1: Foul Ball, location: 2F 2-2: Foul Ball, location: 2F 2-2: Ball Ed Jurak is caught stealing 2nd base 2-6
|
| Bottom of the 2nd over - 2 runs, 2 hits, 0 errors, 0 left on base; Tulsa 0 - Evansville 2 |
| TOP OF THE 3RD |
|
Tulsa Drillers batting - Pitching for Evansville Triplets : RHP Bill Gullickson
|
|
Batting: RHB Nick Belmonte
|
0-0: Ball 1-0: Fly out, F8 (Flyball, 78M, EV 88.1 MPH)
|
|
Batting: RHB Kevin Coon
|
0-0: Ball 1-0: Called Strike 1-1: Ball 2-1: Called Strike 2-2: Fly out, F9 (Line Drive, 9, EV 110.6 MPH)
|
|
Batting: RHB Victor Rios
|
0-0: Ball 1-0: Ball 2-0: Swinging Strike 2-1: SINGLE (Line Drive, 9S, EV 108.1 MPH)
|
|
Batting: SHB Luis Quinones
|
0-0: Called Strike 0-1: Called Strike 0-2: Ball 1-2: TRIPLE (Line Drive, 8LXD, EV 103.1 MPH) Victor Rios scores
|
|
Batting: LHB Mike Pagliarulo
|
0-0: Ball 1-0: Ground out 4-3 (Groundball, 4M, EV 81.3 MPH)
|
| Top of the 3rd over - 1 run, 2 hits, 0 errors, 1 left on base; Tulsa 1 - Evansville 2 |
| BOTTOM OF THE 3RD |
|
Evansville Triplets batting - Pitching for Tulsa Drillers : RHP Leonardo Gomez
|
|
Batting: SHB Jose Mota
|
0-0: Foul Ball, location: 2F 0-1: Ball 1-1: Ball 2-1: Ground out 4-3 (Groundball, 13, EV 85.6 MPH)
|
|
Batting: RHB Cory Mihalic
|
0-0: Ball 1-0: Ball 2-0: Ball 3-0: Called Strike 3-1: Base on Balls
|
|
Batting: RHB Richard Bass
|
0-0: Fly out, F7 (Flyball, 78M, EV 90.0 MPH)
|
|
Batting: RHB Ron Kittle
|
0-0: Ball 1-0: Ball 2-0: Ball 3-0: Called Strike 3-1: Swinging Strike 3-2: Strikes out swinging
|
| Bottom of the 3rd over - 0 runs, 0 hits, 0 errors, 1 left on base; Tulsa 1 - Evansville 2 |
| TOP OF THE 4TH |
|
Tulsa Drillers batting - Pitching for Evansville Triplets : RHP Bill Gullickson
|
|
Batting: LHB Jim Adduci
|
0-0: Fly out, F2 (Popup, 2LF, EV 92.5 MPH)
|
|
Batting: SHB Paul Householder
|
0-0: Foul Ball, location: 2F
|
|
|
|
|
|
0-1: Ball 1-1: SINGLE (Line Drive, 4MD, EV 95.6 MPH)
|
|
Batting: RHB Bob E Johnson
|
0-0: Ball 1-0: Swinging Strike 1-1: Ball Paul Householder steals 2nd base 2-1: Called Strike 2-2: Foul Ball, location: 2F 2-2: Strikes out swinging
|
|
Batting: RHB Bob Grandas
|
0-0: Foul Ball, location: 2F 0-1: Ball 1-1: Ball 2-1: Ground out 4-3 (Groundball, 4S, EV 66.9 MPH)
|
| Top of the 4th over - 0 runs, 1 hit, 0 errors, 1 left on base; Tulsa 1 - Evansville 2 |
| BOTTOM OF THE 4TH |
|
Evansville Triplets batting - Pitching for Tulsa Drillers : RHP Leonardo Gomez
|
|
Batting: SHB Mickey Tettleton
|
0-0: Foul Ball, location: 2F 0-1: Ground out 6-3 (Groundball, 6, EV 82.5 MPH)
|
|
Batting: RHB Mike Allen
|
0-0: Foul Ball, location: 2F 0-1: Called Strike 0-2: Ground out 3-1 (Groundball, 34S, EV 88.8 MPH)
|
|
Batting: LHB Luis Alfaro
|
0-0: Ball 1-0: Ball 2-0: Ball 3-0: Base on Balls
|
|
Batting: RHB Jaden Smith
|
0-0: Called Strike 0-1: Foul Ball, location: 2F 0-2: Foul Ball, location: 2F 0-2: Foul Ball, location: 2F 0-2: Ball Wild Pitch! Luis Alfaro to second 1-2: Foul Ball, location: 2F 1-2: SINGLE (Line Drive, 8RS, EV 108.1 MPH) Luis Alfaro to third Runner from 3rd tries for Home, SAFE, throw by CF to home Jaden Smith to second
|
|
Batting: RHB Ed Jurak
|
0-0: Ground out 6-3 (Groundball, 56, EV 86.3 MPH)
|
| Bottom of the 4th over - 1 run, 1 hit, 0 errors, 1 left on base; Tulsa 1 - Evansville 3 |
| TOP OF THE 5TH |
|
Tulsa Drillers batting - Pitching for Evansville Triplets : RHP Bill Gullickson
|
|
Batting: RHB Nick Belmonte
|
0-0: Fly out, F7 (Flyball, 7, EV 86.3 MPH)
|
|
Batting: RHB Kevin Coon
|
0-0: Ground out 5-3 (Groundball, 56, EV 111.9 MPH)
|
|
Batting: RHB Victor Rios
|
0-0: Called Strike 0-1: Called Strike 0-2: Ball 1-2: Ball 2-2: Ground out 5-3 (Groundball, 56, EV 108.8 MPH)
|
| Top of the 5th over - 0 runs, 0 hits, 0 errors, 0 left on base; Tulsa 1 - Evansville 3 |
| BOTTOM OF THE 5TH |
|
Evansville Triplets batting - Pitching for Tulsa Drillers : RHP Leonardo Gomez
|
|
Batting: SHB Jose Mota
|
0-0: Called Strike 0-1: Swinging Strike 0-2: Ground out 4-3 (Groundball, 4, EV 110.6 MPH)
|
|
Batting: RHB Cory Mihalic
|
0-0: Ball 1-0: Called Strike 1-1: Called Strike 1-2: Foul Ball, location: 2F 1-2: Ball 2-2: Ball 3-2: Ground out 5-3 (Groundball, 5S, EV 90.0 MPH)
|
|
Batting: RHB Richard Bass
|
0-0: SINGLE (Groundball, 25, EV 72.5 MPH) (infield hit)
|
|
Batting: RHB Ron Kittle
|
0-0: Ball 1-0: Fly out, F7 (Line Drive, 78M, EV 101.3 MPH)
|
| Bottom of the 5th over - 0 runs, 1 hit, 0 errors, 1 left on base; Tulsa 1 - Evansville 3 |
| TOP OF THE 6TH |
|
Tulsa Drillers batting - Pitching for Evansville Triplets : RHP Bill Gullickson
|
|
Batting: SHB Luis Quinones
|
0-0: Ball 1-0: SINGLE (Groundball, 3S, EV 75.6 MPH) (infield hit)
|
|
Batting: LHB Mike Pagliarulo
|
0-0: Ball 1-0: Ball 2-0: Ball 3-0: Fielders Choice at 2nd, 4-6 (Groundball, 4, EV 103.8 MPH)
|
|
Batting: LHB Jim Adduci
|
0-0: Ball 1-0: Ball 2-0: Fly out, F9 (Flyball, 89D, EV 104.4 MPH)
|
|
Batting: SHB Paul Householder
|
0-0: Fly out, F7 (Line Drive, 7, EV 106.9 MPH)
|
| Top of the 6th over - 0 runs, 1 hit, 0 errors, 1 left on base; Tulsa 1 - Evansville 3 |
| BOTTOM OF THE 6TH |
|
Evansville Triplets batting - Pitching for Tulsa Drillers : RHP Leonardo Gomez
|
|
Batting: SHB Mickey Tettleton
|
0-0: Ball 1-0: Foul Ball, location: 2F 1-1: Called Strike 1-2: Ball 2-2: Ball 3-2: Fly out, F9 (Line Drive, 9, EV 105.0 MPH)
|
|
Batting: RHB Mike Allen
|
0-0: Fly out, F9 (Flyball, 9LD, EV 93.1 MPH)
|
|
Batting: LHB Luis Alfaro
|
0-0: Called Strike 0-1: Ball 1-1: Ball 2-1: Ball 3-1: Base on Balls
|
|
Batting: RHB Jaden Smith
|
0-0: Ball 1-0: Ball 2-0: Ball 3-0: Called Strike 3-1: SINGLE (Flyball, 9S, EV 87.5 MPH) Luis Alfaro to second Runner from 2nd tries for 3rd, SAFE, throw by RF made to third
|
|
Batting: RHB Ed Jurak
|
0-0: Fly out, F9 (Flyball, 9, EV 84.4 MPH)
|
| Bottom of the 6th over - 0 runs, 1 hit, 0 errors, 2 left on base; Tulsa 1 - Evansville 3 |
| TOP OF THE 7TH |
|
Tulsa Drillers batting - Pitching for Evansville Triplets : RHP Bill Gullickson
|
|
Batting: RHB Bob E Johnson
|
0-0: Ball 1-0: Foul Ball, location: 2F 1-1: Ground out 4-3 (Groundball, 4, EV 99.4 MPH)
|
|
Batting: RHB Bob Grandas
|
0-0: Ball 1-0: Ground out 4-3 (Groundball, 4, EV 85.6 MPH)
|
|
Batting: RHB Nick Belmonte
|
0-0: Called Strike 0-1: SINGLE (Groundball, 56S, EV 68.1 MPH) (infield hit)
|
|
Batting: RHB Kevin Coon
|
0-0: Ball 1-0: Called Strike 1-1: Fielders Choice at 2nd, 5-4 (Groundball, 56, EV 89.4 MPH)
|
| Top of the 7th over - 0 runs, 1 hit, 0 errors, 1 left on base; Tulsa 1 - Evansville 3 |
| BOTTOM OF THE 7TH |
|
Evansville Triplets batting - Pitching for Tulsa Drillers : RHP Leonardo Gomez
|
|
Batting: SHB Jose Mota
|
0-0: Called Strike 0-1: Ground out 6-3 (Groundball, 6, EV 81.9 MPH)
|
|
Now at SS: Oscar Cordero
|
|
|
Batting: RHB Cory Mihalic
|
0-0: Ball 1-0: Ball 2-0: Called Strike 2-1: Called Strike 2-2: Strikes out swinging
|
|
Batting: RHB Richard Bass
|
0-0: Ball 1-0: Ground out 4-3 (Groundball, 4M, EV 88.1 MPH)
|
| Bottom of the 7th over - 0 runs, 0 hits, 0 errors, 0 left on base; Tulsa 1 - Evansville 3 |
| TOP OF THE 8TH |
|
Tulsa Drillers batting - Pitching for Evansville Triplets : RHP Bill Gullickson
|
|
Pitching: RHP Gordie Pladson
|
|
|
Batting: RHB Victor Rios
|
0-0: Ball 1-0: Fly out, F7 (Flyball, 7S, EV 86.9 MPH)
|
|
Batting: LHB Oscar Cordero
|
0-0: Called Strike 0-1: Ball 1-1: Foul Ball, location: 2F 1-2: Strikes out looking
|
|
Batting: LHB Mike Pagliarulo
|
0-0: Foul Ball, location: 2F 0-1: Called Strike 0-2: Strikes out swinging
|
| Top of the 8th over - 0 runs, 0 hits, 0 errors, 0 left on base; Tulsa 1 - Evansville 3 |
| BOTTOM OF THE 8TH |
|
Evansville Triplets batting - Pitching for Tulsa Drillers : RHP Leonardo Gomez
|
|
Batting: RHB Ron Kittle
|
0-0: Called Strike 0-1: Called Strike 0-2: Ball 1-2: Ball 2-2: Ball 3-2: Strikes out swinging
|
|
Batting: SHB Mickey Tettleton
|
0-0: Foul Ball, location: 2F 0-1: Called Strike 0-2: Ball 1-2: Ball 2-2: Fly out, F7 (Line Drive, 7, EV 84.4 MPH)
|
|
Batting: RHB Mike Allen
|
0-0: Reached on error, E6 (Groundball, 6, EV 104.4 MPH)
|
|
Batting: LHB Luis Alfaro
|
0-0: Ball 1-0: Called Strike 1-1: Ball 2-1: Foul Ball, location: 2F 2-2: Ball 3-2: Strikes out swinging
|
| Bottom of the 8th over - 0 runs, 0 hits, 1 error, 1 left on base; Tulsa 1 - Evansville 3 |
| TOP OF THE 9TH |
|
Tulsa Drillers batting - Pitching for Evansville Triplets : RHP Gordie Pladson
|
|
Batting: LHB Jim Adduci
|
0-0: Ball 1-0: Foul Ball, location: 2F 1-1: Ball 2-1: Fly out, F6 (Popup, 6M, EV 65.0 MPH)
|
|
Batting: SHB Paul Householder
|
0-0: Ball 1-0: Swinging Strike 1-1: Foul Ball, location: 2F 1-2: Reached on error, E4 (Groundball, 34D, EV 110.0 MPH)
|
|
Pinch Hitting: LHB Randy Braun
|
0-0: Called Strike 0-1: Called Strike 0-2: Foul Ball, location: 2F 0-2: Strikes out looking
|
|
Batting: RHB Bob Grandas
|
0-0: Ball 1-0: Called Strike 1-1: Swinging Strike 1-2: Strikes out swinging
|
| Top of the 9th over - 0 runs, 0 hits, 1 error, 1 left on base; Tulsa 1 - Evansville 3 |
 |
|
Monday, August 31st, 2020 - OOTP Baseball 21.5 Build 76
|
|